 Dungeon Crawl Stone Soup version 0.27-a0-1324-ge0d8e047f6 (webtiles) character file.

Game seed: 15620204452610130579

39 avis the Insei (level 3, -1/29 HPs)
             Began as a Draconian Transmuter on June 24, 2021.
             Slain by Sigmund (6 damage)
             ... on level 2 of the Dungeon.
             The game lasted 00:06:00 (1665 turns).

avis the Insei (Draconian Transmuter)               Turns: 1665, Time: 00:06:00

Health: -1/29      AC:  5    Str: 12    XL:     3   Next: 28%
Magic:  5/7        EV: 12    Int: 13    God:
Gold:   53         SH:  0    Dex: 12    Spells: 1/7 levels left

rFire    . . .     SeeInvis .     - Unarmed
rCold    . . .     Faith    .   (no shield)
rNeg     . . .     Spirit   .   (armour unavailable)
rPois    .         Reflect  .   (helmet restricted)
rElec    .         Harm     .   (no cloak)
rCorr    .         Rampage  .   (no gloves)
Will     .....                  (no boots)
Stlth    +.........             (no amulet)
HPRegen  0.09/turn              (no ring)
MPRegen  0.10/turn              (no ring)

@: no status effects
A: AC +5, unfitting armour, cold-blooded
a: no special abilities


You were on level 2 of the Dungeon.
You visited 1 branch of the dungeon, and saw 2 of its levels.

You collected 53 gold pieces.

Inventory:

Hand Weapons
 h - a +0 short sword of draining
Missiles
 b - 43 arrows
 c - 24 stones
Scrolls
 d - a scroll of acquirement {unknown}
 f - a scroll of brand weapon {unknown}
 g - a scroll of magic mapping {unknown}
Potions
 a - a potion of heal wounds {unknown}
 e - a potion of haste
 i - a potion of flight {unknown}


   Skills:
 + Level 1.8 Fighting
 - Level 1.7 Dodging
 + Level 3.2 Unarmed Combat
 * Level 2.6 Spellcasting
 + Level 2.4 Transmutations


You had one spell level left.
You knew the following spells:

 Your Spells              Type           Power      Damage    Failure   Level
a - Beastly Appendage     Tmut           16%        N/A       9%          1
b - Wereblood             Tmut           8%         N/A       13%         2
p - Spider Form           Tmut/Pois      2%         N/A       41%         3

Your spell library contained the following spells:

 Spells                   Type           Power      Damage    Failure   Level
 Ice Form                 Ice/Tmut       4%         N/A       82%         4


Dungeon Overview and Level Annotations

Branches:
Dungeon (2/15)

Altars:

Annotations:
D:2 Sigmund


Innate Abilities, Weirdness & Mutations

Your plain brown scales are hard. (AC +5)
You cannot fit into any form of body armour.
You are cold-blooded and may be slowed by cold attacks.


Message History

Things that are here:
a +0 whip; a kobold corpse Your transformation is almost over.
You start resting.
Magic restored.
Found a stone staircase leading down.
Your horns disappear.
Your talons disappear.
There is a stone staircase leading down here.
Sigmund is nearby!
Found 11 gold pieces.
Found 2 grey potions.
Casting: Beastly Appendage (safe; 9% risk of failure)
Confirm with . or Enter, or press ? or * to list all spells.
The spell is extremely dangerous to cast (41% risk of failure)!
Continue anyway?
You turn into a venomous arachnid creature.
Your transformation is almost over.
Sigmund shouts!
Sigmund completely misses you.
Sigmund breathes a few words.
Sigmund's hands start flickering wildly.
Sigmund hits you with a +4 scythe!
Ouch! That really hurt!
You barely miss Sigmund. Sigmund hits you with a +4 scythe.
* * * LOW HITPOINT WARNING * * *
You hit Sigmund.
Sigmund is lightly wounded.
Sigmund misses you.
You hit Sigmund.
Sigmund is lightly wounded.
Sigmund misses you.
You barely miss Sigmund.
Sigmund is lightly wounded.
Your transformation has ended.
Sigmund casts a spell at you. The puff of flame hits you.
* * * LOW HITPOINT WARNING * * *
Sigmund barely misses you.
There is a stone staircase leading down here.
Sigmund hits you from afar with a +4 scythe.
You die...

### #.. # ##### #.####### .
#.#...## #.#!.....
..##.#....######.....### #
...'..............$.....
#.. #.#....######.....## #.
#...#.....@................
........@#.#.########.####.
..............# #.# #.
.......###.#..#######.####.
#...............≈≈§........
..............#######......
.......@...#..# #..##..###.
.#..#.##......###..##..###.
...........)...............


You could see Sigmund.

Vanquished Creatures
  An adder (D:2)
  A dart slug (D:1)
  A bat (D:1)
  5 endoplasms
  3 goblins (D:1)
  2 hobgoblins (D:1)
  4 kobolds
  A quokka (D:2)
  4 ball pythons (D:1)
  A frilled lizard (D:1)
  3 rats
26 creatures vanquished.

Notes
Turn   | Place    | Note
-------+----------+-------------------------------------------
     0 | D:1      | avis the Draconian Transmuter began the quest for the Orb.
     0 | D:1      | Reached XP level 1. HP: 16/16 MP: 3/3
   196 | D:1      | Reached XP level 2. HP: 23/23 MP: 3/5
   379 | D:1      | Learned a level 2 spell: Wereblood
  1084 | D:2      | Noticed Sigmund
  1150 | D:2      | Reached XP level 3. HP: 7/29 MP: 4/6
  1313 | D:2      | Learned a level 3 spell: Spider Form
  1665 | D:2      | Slain by Sigmund

Illustrated notes

Levels and vault maps discovered:
D:1:      dpeg_arrival_round_b, layout_basic, serial_bayou,
          serial_bayou_shore_a, serial_bayou_shore_b, serial_bayou_pond_a,
          serial_bayou_lagoon_a
D:2:      layout_basic, corexii_corridor_pit, minmay_misc_feat_rows,
          uniq_sigmund

Action                   || total
-------------------------++-------
Melee: Unarmed           ||    62
       Kick              ||    13
       Tailslap          ||     7
       Headbutt          ||     4
 Cast: Beastly Appendage ||    22
       Spider Form       ||     1
Armor: Skin              ||     9
Dodge: Dodged            ||    33

Table legend: (Time is in decaauts)
 A = Elapsed time spent in this place.
 B = Non-inter-level travel time spent in this place.
 C = Inter-level travel time spent in this place.
 D = Time resting spent in this place.
 E = Time spent auto-exploring this place.
 F = Levels seen in this place.
 G = Mean time per level.
                   A        B        C        D        E       F      G
               +--------+--------+--------+--------+--------+-----+--------+
         Total |   1695 |   1624 |     71 |    464 |    884 |   2 |  847.5 |
       Dungeon |   1695 |   1624 |     71 |    464 |    884 |   2 |  847.5 |
               +--------+--------+--------+--------+--------+-----+--------+

Top non-repeatable levels by time:
     D:1: 1118 daAuts
     D:2: 576 daAuts
